 Dungeon Crawl Stone Soup version 0.21-a0-404-g291f19a (webtiles) character file.

21 Klosterheim the Magician (level 2, 0/16 HPs)
             Began as a Deep Elf Transmuter on Oct 29, 2017.
             Slain by a frilled lizard (1 damage)
             ... on level 1 of the Dungeon.
             The game lasted 00:03:04 (1338 turns).

Klosterheim the Magician (Deep Elf Transmuter)      Turns: 1338, Time: 00:03:04

Health: 0/16       AC:  2    Str:  7    XL:     2   Next: 62%
Magic:  8/8        EV: 13    Int: 17    God:
Gold:   135        SH:  0    Dex: 15    Spells: 7/8 levels left

rFire    . . .     SeeInvis .     - Unarmed
rCold    . . .     Gourm    .   (no shield)
rNeg     . . .     Faith    .   b - +0 robe
rPois    .         Spirit   .   (no helmet)
rElec    .         Reflect  .   (no cloak)
rCorr    .         Harm     .   (no gloves)
MR       .....                  (no boots)
Stlth    +.........             (no amulet)
HPRegen  0.05/turn              (no ring)
MPRegen  0.11/turn              (no ring)

@: no status effects
A: no striking features
a: no special abilities


You were on level 1 of the Dungeon.
You were not hungry.

You visited 1 branch of the dungeon, and saw 1 of its levels.

You collected 135 gold pieces.

Inventory:

Missiles
 a - 62 arrows
Armour
 b - a +0 robe (worn)
Scrolls
 h - 2 scrolls of identify {unknown}
 i - a scroll of enchant armour {unknown}
 j - a scroll of fog {unknown}
 k - a scroll of amnesia {unknown}
 l - a scroll of teleportation {unknown}
Potions
 e - a potion of magic {unknown}
 g - a potion of agility {unknown}
 m - a potion of degeneration {unknown}
 n - a potion of lignification {unknown}
 o - a potion of curing {unknown}
Books
 c - a book of Changes

   Spells                             Type                      Level
   a - Beastly Appendage              Transmutation                1
   b - Sticks to Snakes               Transmutation                2
   c - Spider Form                    Transmutation/Poison         3
   d - Ice Form                       Ice/Transmutation            4
   e - Blade Hands                    Transmutation                5
Comestibles
 d - a bread ration
 f - a royal jelly


   Skills:
 - Level 0.7 Fighting
 - Level 2.4 Dodging
 - Level 2.4 Unarmed Combat
 + Level 3.8 Spellcasting
 + Level 3.0 Transmutations


You had 7 spell levels left.
You knew the following spells:

 Your Spells              Type           Power        Failure   Level  Hunger
a - Beastly Appendage     Tmut           ##....       4%          1    None


Dungeon Overview and Level Annotations

Branches:
Dungeon (1/15)

Altars:


Message History

The frilled lizard misses you. The frilled lizard bites you.
The frilled lizard completely misses you.
The frilled lizard bites you but does no damage.
The frilled lizard completely misses you.
The frilled lizard bites you. The frilled lizard barely misses you.
The frilled lizard closely misses you. The frilled lizard bites you.
The frilled lizard misses you. The frilled lizard barely misses you.
The frilled lizard bites you.
* * * LOW HITPOINT WARNING * * *
The frilled lizard closely misses you. The frilled lizard misses you.
The frilled lizard bites you.
* * * LOW HITPOINT WARNING * * *
The frilled lizard closely misses you. The frilled lizard bites you.
You die...

.................................
.....#.#.###....##########.....##
.....###..#.....+..............##
####.#.#.###....##.............##
#.......#.......##..............+
...#.###.#.#....##.........######
......#..###.#.......#.....# #
.....###.#.#.#...........### #
.............#..@l.......# #
......#[...#.###.........# #
###.##.....#.# ####+####.# # #
#.##.......######......# #
#.##.#...........####### #
#.##.#.#.#######.# #
#.##.#.#.......#.# #
#....#.#######.#.#######
########.# #.......#


You could see a frilled lizard.

Vanquished Creatures
  An ooze (D:1)
  2 jackals (D:1)
  3 ball pythons (D:1)
  6 bats (D:1)
  2 frilled lizards (D:1)
  3 kobolds (D:1)
  A rat (D:1)
18 creatures vanquished.

Notes
Turn   | Place    | Note
-------+----------+-------------------------------------------
     0 | D:1      | Klosterheim the Deep Elf Transmuter began the quest for the Orb.
     0 | D:1      | Reached XP level 1. HP: 11/11 MP: 6/6
   455 | D:1      | Reached XP level 2. HP: 9/16 MP: 5/8
  1338 | D:1      | Slain by a frilled lizard

Vault maps used:
D:1:      mrwooster_arrival_statue, minmay_heptomino_h4

Skill      XL: |  1  2 |
---------------+-------+-----
Transmutations | 3 |  3.0
Fighting       | |  0.7
Dodging        | |  2.4
Unarmed Combat | |  2.4
Spellcasting   | |  3.8

Action                   || total
-------------------------++-------
Melee: Unarmed           ||    74
       Headbutt          ||     3
       Kick              ||     1
       Punch             ||     1
 Cast: Beastly Appendage ||    12
 Stab: Sleeping          ||     1
  Eat: Chunk             ||     1
Armor: Robe              ||    30
Dodge: Dodged            ||    99

Table legend:
 A = Spawn XP
 B = Non-spawn XP
 C = Spawn XP percentage of total XP
 D = Spawn monster count
 E = Non-spawn monster count
 F = Spawn count percentage of total count
 G = Total turns spent on level
                    A         B        C        D         E        F      G
               +---------+---------+-------+---------+---------+-------+---------
         Total |       0 |      30 |   0.0 |       0 |      18 |   0.0 |  1338
               +---------+---------+-------+---------+---------+-------+---------
           D:1 |       0 |      30 |   0.0 |       0 |      18 |   0.0 |  1338
               +---------+---------+-------+---------+---------+-------+---------
